 Dungeon Crawl Stone Soup version 0.28-a0-1387-g3a22ab9bdc (webtiles) character file.

Game seed: 8487280332876118244

193553 dolemite99 the Severer (level 18, -10/189 HPs)
             Began as a Deep Dwarf Fighter on Jan 2, 2022.
             Was the Champion of Makhleb.
             Mangled by a nagaraja (29 damage)
             ... on level 4 of the Snake Pit.
             The game lasted 01:11:50 (40988 turns).

dolemite99 the Severer (Deep Dwarf Fighter)        Turns: 40988, Time: 01:11:52

Health: -10/189    AC: 37    Str: 33    XL:     18   Next: 7%
Magic:  6/6        EV:  5    Int:  9    God:    Makhleb [******]
Gold:   404        SH:  0    Dex: 15    Spells: 17/17 levels left

rFire   + . .      SeeInvis +   a - +1 battleaxe
rCold   . . .      Faith    +   (shield currently unavailable)
rNeg    + + .      Spirit   .   d - +5 plate armour {rF+}
rPois   +          Reflect  .   Y - +2 hat {Will+}
rElec   +          Harm     .   y - +5 cloak of Refuge {rPois Will+ Str+7 Int-2}
rCorr   +          Rampage  .   s - +2 pair of gloves
Will    ++++.                   k - +2 pair of boots "Mougalah" {rCorr Dex+3 SInv}
Stlth   ..........              F - amulet of faith
HPRegen 0.00/turn               W - ring "Attub" {rElec rN+ rCorr}
MPRegen 0.10/turn               c - +4 ring of protection {=R}

@: lethally poisoned (-10 -> -10), constricted
A: damage resistance, heal wounds, negative energy resistance 1, sense
surroundings 3, no regeneration
a: Heal Wounds, Renounce Religion, Minor Destruction, Lesser Servant of Makhleb,
Major Destruction, Greater Servant of Makhleb


You were on level 4 of the Snake Pit.
You worshipped Makhleb.
Makhleb was exalted by your worship.
You visited 6 branches of the dungeon, and saw 31 of its levels.
You visited 1 bazaar.
You also visited: Ossuary.

You collected 3005 gold pieces.
You spent 2601 gold pieces at shops.

Inventory:

Hand Weapons
 a - a +1 battleaxe (weapon)
 b - a +2 arbalest of freezing
 f - a +0 dire flail
 o - a +4 broad axe
Missiles
 q - 5 silver boomerangs
 I - 259 bolts
 J - 704 stones
 Q - 5 curare-tipped darts
Armour
 d - a +5 plate armour of fire resistance (worn)
 k - the +2 pair of boots "Mougalah" (worn) {rCorr Dex+3 SInv}
   (You found it on level 2 of the Dungeon)

   Dex:       It affects your dexterity (+3).
   SInv:      It lets you see invisible.
   rCorr:     It protects you from acid and corrosion.
 s - a +2 pair of gloves (worn)
 y - the +5 cloak of Refuge (worn) {rPois Will+ Str+7 Int-2}
   (You bought it in a shop in a bazaar)

   Str:       It affects your strength (+7).
   Int:       It affects your intelligence (-2).
   rPois:     It protects you from poison.
   Will:      It increases your willpower.
 Y - a +2 hat of willpower (worn)
Jewellery
 c - a +4 ring of protection (right hand) {=R}
 e - an amulet of the acrobat
 j - a ring of protection from cold
 m - a ring of see invisible
 x - an amulet of magic regeneration
 z - a ring of the Octopus King {Fly AC+1 EV+1 Str+1 Int+1 Dex+1}
   (You found it on level 2 of the Lair of Beasts)

   [ring of flight]

   AC:        It affects your AC (+1).
   EV:        It affects your evasion (+1).
   Str:       It affects your strength (+1).
   Int:       It affects your intelligence (+1).
   Dex:       It affects your dexterity (+1).
   Fly:       It grants you flight.
 F - an amulet of faith (around neck)
 H - a ring of poison resistance
 M - a ring of willpower
 P - a +4 ring of evasion
 W - the ring "Attub" (left hand) {rElec rN+ rCorr}
   (You found it on level 1 of the Lair of Beasts)

   [ring of resist corrosion]

   rElec:     It insulates you from electricity.
   rN:        It protects you from negative energy.
   rCorr:     It protects you from acid and corrosion.
 X - a ring of ice
Wands
 h - a wand of digging (11)
 t - a wand of polymorph (14)
 A - a wand of paralysis (4)
 D - a wand of flame (13) (quivered)
 U - a wand of charming (6)
Scrolls
 g - 2 scrolls of amnesia
 n - 6 scrolls of teleportation
 p - 2 scrolls of fog
 w - 6 scrolls of vulnerability
 E - a scroll of magic mapping
 K - 6 scrolls of identify {@r1}
 S - a scroll of torment
 Z - a scroll of silence
Potions
 i - 3 potions of magic
 l - 6 potions of haste
 r - 6 potions of lignification
 v - 3 potions of berserk rage
 B - 3 potions of flight
 C - 7 potions of brilliance
 G - 8 potions of curing
 L - 3 potions of might
 V - 2 potions of attraction
Miscellaneous
 N - a condenser vane (inert)
 T - a box of beasts


   Skills:
 - Level 18.6 Fighting
 - Level 19.5 Axes
 - Level 4.7 Throwing
 - Level 7.0 Armour
 - Level 4.0 Shields
 + Level 17.8 Invocations
 - Level 16.2 Evocations


You had 17 spell levels left.
You didn't know any spells.
Your spell library contained the following spells:

 Spells                   Type           Power      Damage    Failure   Level
 Animate Skeleton         Necr           0%         N/A       96%         1
 Apportation              Tloc           0%         N/A       96%         1
 Foxfire                  Conj/Fire      0%         2x1d4     96%         1
 Freeze                   Ice            0%         1d3       96%         1
 Magic Dart               Conj           0%         1d3       96%         1
 Shock                    Conj/Air       0%         1d3       96%         1
 Summon Small Mammal      Summ           0%         N/A       96%         1
 Blink                    Tloc           0%         N/A       99%         2
 Call Imp                 Summ           0%         N/A       99%         2
 Ensorcelled Hibernation  Hex/Ice        0%         N/A       99%         2
 Searing Ray              Conj           0%         2d4       99%         2
 Conjure Flame            Conj/Fire      0%         6-21      100%        3
 Frozen Ramparts          Ice            0%         1d2       100%        3
 Inner Flame              Hex/Fire       0%         N/A       100%        3
 Lesser Beckoning         Tloc           0%         N/A       100%        3
 Mephitic Cloud           Conj/Pois/Air  0%         N/A       100%        3
 Spider Form              Tmut/Pois      0%         N/A       100%        3
 Swiftness                Air            0%         N/A       100%        3
 Tukima's Dance           Hex            0%         N/A       100%        3
 Airstrike                Air            0%         N/A       100%        4
 Cause Fear               Hex            0%         N/A       100%        4
 Flame Wave               Conj/Fire      0%         2d4       100%        4
 Fulminant Prism          Conj/Hex       0%         3d6       100%        4
 Hailstorm                Conj/Ice       0%         3d3       100%        4
 Petrify                  Tmut/Erth      0%         N/A       100%        4
 Freezing Cloud           Conj/Ice/Air   0%         6-21      100%        5
 Manifold Assault         Tloc           0%         N/A       100%        5
 Metabolic Englaciation   Hex/Ice        0%         N/A       100%        5
 Simulacrum               Ice/Necr       0%         N/A       100%        6
 Statue Form              Tmut/Erth      0%         N/A       100%        6
 Enfeeble                 Hex            0%         N/A       100%        7
 Discord                  Hex            0%         N/A       100%        8
 Ignition                 Fire           0%         3d3       100%        8
 Polar Vortex             Ice            0%         N/A       100%        9


Dungeon Overview and Level Annotations

Branches:
Dungeon (15/15)            Temple (1/1) D:6            Lair (6/6) D:11
  Snake (4/4) Lair:3       Spider (3/4) Lair:2        Slime (0/5) Lair:5
    Orc (2/2) D:9             Elf (0/3) Orc:2        Vaults (0/5) D:14
 Depths (0/4) D:15        Ossuary (visited)

Altars:
Ashenzari
Cheibriados
Dithmenos
Elyvilon
Gozag
Kikubaaqudgha
Makhleb
Nemelex Xobeh
Okawaru
Qazlal
Sif Muna
Xom
Zin
The Shining One
Beogh
Jiyva

Shops:
D:1 =   D:8 (*([*   D:9 !   D:11 ([=   D:13 !   Orc:2 ?[[=   Snake:1 *
Snake:3 =:=

Portals:
Abyss: D:12

Annotations:
D:11 exclusion: ice statue
D:12 2 transporters, Pim Xuuc's ghost, journeyman DEWz
Snake:2 exclusion: downstairs
Orc:2 2 runed translucent doors, jejorda2's ghost, journeyman PaBe


Innate Abilities, Weirdness & Mutations

You are resistant to damage.
You can heal yourself by infusing magical energy.
You resist negative energy. (rN+)
You passively map a large area around you.
You do not regenerate.


Message History

The bolt of poison hits you! You resist.
* * * LOW HITPOINT WARNING * * *
The naga warrior hits you with a +0 mace!!
* * * LOW HITPOINT WARNING * * *
The naga warrior constricts you.
* * * LOW HITPOINT WARNING * * *
You hit the naga warrior.
The naga warrior is severely wounded.
The naga warrior hits you but does no damage.
The naga warrior constricts you. The naga warrior blocks your attack.
The naga warrior is severely wounded.
The nagaraja hits you but does no damage.
The naga warrior hits you but does no damage.
The naga warrior constricts you.
You feel much better.
You are no longer poisoned.
The nagaraja gestures at you while chanting.
The bolt of poison misses the naga warrior.
The bolt of poison hits you!
You are poisoned.
You resist.
The nagaraja hits you from afar with a +0 spear!!
* * * LOW HITPOINT WARNING * * *
The naga warrior hits you with a +0 mace!!
* * * LOW HITPOINT WARNING * * *
The naga warrior constricts you.
Your magical essence is drained by the effort!
You feel much better.
The nagaraja hits you from afar with a +0 spear!!
* * * LOW HITPOINT WARNING * * *
The naga warrior spits poison at you.
The splash of poison hits you but does no damage.
You resist. The naga warrior barely misses you.
The naga warrior constricts you.
* * * LOW HITPOINT WARNING * * *
The naga warrior blocks your attack.
The naga warrior is severely wounded.
The nagaraja hits you from afar with a +0 spear!!
You die...

.##...##.###.# #...######....
.##....#.....# *.......####.##
##.....#..#..#* ***#....S..###..#
*#.####..#..#.....# #.NN.N###.)
..# #.##...#^##... *##..N.#### ..
#.#....####*########.).N.# # ##
##.#.### ###)N.....†...## ..##.#
##.))N†......#### ,#.##..###
#..@N#########..###
,,###...#.###...........###.#.##
, #...##.#.##....)......###...# *
#.###.....#######.....###.... *
#..#...##..###.#.#.....#.#...
#.....#..####..##.##.##.....###.#
...#########...##.##.#.##.###.#.#
..##..# #..#####.##........#.#.#
.##..## ###..#...##<.#..###...##


You could see 2 naga warriors and a nagaraja (fast, strong).

Vanquished Creatures
  Arachne (Spider:2)
  Kirke (Snake:4)
  A nagaraja (Snake:4)
  An emperor scorpion (Spider:2)
  An orc warlord (Orc:1)
  Aizul (Snake:1)
  A ghost moth (Lair:2)
  A broodmother (Spider:2)
  A very ugly thing (D:14)
  An entropy weaver (Lair:2)
  Fannar (D:10)
  3 boulder beetles
  A jorogumo (Lair:2)
  3 catoblepae
  A rakshasa (D:15)
  14 naga warriors
  8 hydras
  A salamander tyrant (Snake:3)
  A radroach (shapeshifter) (D:15)
  Erica (D:9)
  6 anacondas
  6 centaur warriors
  5 two-headed ogres
  4 tengu warriors
  9 orc high priests
  4 shock serpents
  9 naga sharpshooters
  A deep elf knight (Orc:1)
  5 pharaoh ants
  Nergalle (D:11)
  A glowing orange brain (D:15)
  2 salamander mystics
  7 naga ritualists
  5 steelbarb worms
  2 sea snakes (Lair:6)
  4 orb spiders
  4 deep elf pyromancers
  2 wizards (D:14)
  An orc knight (Orc:2)
  Pikel (D:4)
  8 wolf spiders
  14 mana vipers
  4 wolf spider zombies (Spider:1)
  An orc sorcerer (Orc:2)
  10 slime creatures
  7 cyclopes
  10 salamanders
  9 elephants
  2 moths of wrath
  19 ugly things
  4 manticores
  4 guardian serpents
  33 black mambas
  Joseph (D:8)
  12 naga magi
  2 gargoyles
  A torpor snail (Spider:2)
  16 cane toads
  7 rime drakes
  3 demonic crawlers
  3 efreet (D:14)
  12 komodo dragons
  A freezing wraith (D:14)
  A kobold demonologist (D:14)
  2 wind drakes (Lair:6)
  6 trolls
  10 tarantellas
  2 wolf spider simulacra (Spider:1)
  2 hornets
  4 polar bears
  19 dream sheep
  21 blink frogs
  A snapping turtle (Lair:6)
  16 jumping spiders
  3 centaur simulacra
  43 yaks
  10 culicivoras
  2 shadows
  5 hogs (Snake:4)
  A wraith (D:12)
  8 wyverns
  Eustachio (D:6)
  3 basilisks
  Grum (Lair:1)
  38 redbacks
  4 vampire mosquitoes (D:12)
  3 steam dragons
  9 wargs
  2 acid dragons
  6 water moccasins
  33 nagas
  21 orc warriors
  A swamp drake (shapeshifter) (D:15)
  3 ice beasts
  2 sky beasts
  A black bear (D:4)
  A hornet zombie (D:6)
  5 boggarts (D:14)
  9 necrophages
  19 ogres
  A tengu (D:10)
  14 centaurs
  11 wolves
  3 lemures
  3 kobold brigands
  10 bullfrogs
  An elf zombie (Ossuary)
  Blork the orc (D:4)
  4 scorpions (D:6)
  2 wyvern zombies
  2 wyvern skeletons
  A hornet simulacrum (D:15)
  20 wights
  8 electric eels
  5 howler monkeys
  3 lava snakes (Lair:4)
  4 centaur zombies
  3 hounds
  A jelly (Temple)
  2 gnoll shamans
  3 human zombies (Ossuary)
  35 orc priests
  2 bullfrog skeletons (D:6)
  5 iguanas
  Ijyb (D:4)
  14 orc wizards
  5 hell rats (Lair:1)
  2 killer bee zombies (D:7)
  4 hound zombies
  A hound skeleton (D:4)
  4 mummies
  8 gnolls
  5 adders
  4 white imps
  An adder skeleton (D:5)
  4 adder zombies (Ossuary)
  2 worms (D:2)
  4 dart slugs
  84 orcs
  An endoplasm (D:2)
  A giant cockroach (D:5)
  A gnoll zombie (Ossuary)
  5 goblins
  2 hobgoblins
  7 jackals
  19 kobolds
  3 quokkas
  7 ball pythons
  A bat (D:1)
  2 frilled lizards
  3 goblin zombies (Ossuary)
  4 hobgoblin zombies
  3 jackal zombies (Ossuary)
  5 kobold zombies (Ossuary)
  3 orc zombies (Ossuary)
  3 quokka zombies (Ossuary)
  7 rats
  5 rat zombies (Ossuary)
993 creatures vanquished.

Vanquished Creatures (collateral kills)
  Rupert (Lair:4)
  Gastronok (Lair:1)
  A nagaraja (Snake:4)
  An ettin (Orc:1)
  2 hydras
  2 naga warriors (Snake:4)
  A merfolk avatar (Lair:6)
  2 anacondas (Snake:4)
  3 two-headed ogres
  A naga sharpshooter (Snake:2)
  4 spectral wolf spiders (Spider:1)
  A naga ritualist (Snake:3)
  A mana viper (Snake:3)
  A wolf spider zombie (Spider:1)
  A deep elf zephyrmancer (Orc:1)
  A manticore (D:13)
  A wolf spider (Spider:1)
  An orc sorcerer (Orc:1)
  A salamander (Snake:3)
  A cyclops (Orc:1)
  8 black mambas
  A naga mage (Snake:2)
  A guardian serpent (Snake:4)
  A cane toad (Lair:2)
  2 komodo dragons
  A yaktaur (D:14)
  A rime drake (Lair:6)
  A hornet (Lair:6)
  A wolf spider simulacrum (Spider:1)
  A troll (shapeshifter) (D:13)
  6 blink frogs
  A snapping turtle (Lair:6)
  A tarantella (Spider:3)
  A slime creature (D:12)
  A culicivora (Spider:3)
  A spriggan (shapeshifter) (D:14)
  A yak (Lair:5)
  A basilisk (D:14)
  A vampire (D:13)
  3 nagas
  3 water moccasins
  2 orc warriors (Orc:1)
  A wolf (Lair:4)
  An ogre (Orc:1)
  A boggart (D:14)
  2 orcs (Orc:1)
73 creatures vanquished.

Vanquished Creatures (others)
  A wolf spider simulacrum (Spider:1)
  2 nagas
  An electric eel (Lair:6)
  44 fungi
  69 plants
117 creatures vanquished.

Grand Total: 1183 creatures vanquished

Notes
Turn   | Place    | Note
-------+----------+-------------------------------------------
     0 | D:1      | dolemite99 the Deep Dwarf Fighter began the quest for the
                  | Orb.
     0 | D:1      | Reached XP level 1. HP: 20/20 MP: 1/1
    42 | D:1      | Found Garr's Jewellery Boutique.
   113 | D:1      | Reached skill level 3 in Axes
   137 | D:1      | Reached XP level 2. HP: 25/27 MP: 2/2
   579 | D:2      | Identified the +2 pair of boots "Mougalah" {rCorr Dex+3
                  | SInv}
   587 | D:2      | Reached XP level 3. HP: 20/33 MP: 3/3
   809 | D:2      | Found a shimmering blue altar of Sif Muna.
   890 | D:2      | Reached skill level 4 in Axes
  1736 | D:3      | Reached skill level 1 in Throwing
  1782 | D:3      | Found a snail-covered altar of Cheibriados.
  1788 | D:3      | Found a stormy altar of Qazlal.
  1790 | D:3      | Found a broken altar of Ashenzari.
  1792 | D:3      | Found an iron altar of Okawaru.
  1797 | D:3      | Found an ancient bone altar of Kikubaaqudgha.
  1983 | D:3      | Reached XP level 4. HP: 12/40 MP: 4/4
  2051 | D:3      | Found a faded altar of an unknown god.
  2146 | D:4      | Noticed a lemure
  2147 | D:4      | Noticed a lemure
  2149 | D:4      | Noticed a lemure
  2160 | D:3      | Killed a lemure
  2165 | D:3      | Killed a lemure
  2277 | D:4      | Killed a lemure
  2278 | D:4      | Noticed Pikel
  2299 | D:4      | Killed Pikel
  2300 | D:4      | Reached skill level 6 in Axes
  2300 | D:4      | Reached XP level 5. HP: 28/46 MP: 3/3
  2300 | D:4      | Reached XP level 6. HP: 33/55 MP: 4/4
  2315 | D:4      | Reached XP level 7. HP: 37/61 MP: 5/5
  2434 | D:4      | Noticed Ijyb
  2442 | D:4      | Killed Ijyb
  2454 | D:4      | Noticed Blork the orc
  2462 | D:4      | Killed Blork the orc
  2463 | D:4      | Reached skill level 7 in Axes
  2592 | D:4      | Found a glowing silver altar of Zin.
  2791 | D:4      | Found a sand-covered staircase.
  2804 | Ossuary  | Entered an ossuary
  2883 | Ossuary  | Reached skill level 8 in Axes
  3100 | Ossuary  | Reached XP level 8. HP: 33/68 MP: 6/6
  3599 | D:5      | Entered Level 5 of the Dungeon
  3609 | D:5      | Reached skill level 9 in Axes
  3961 | D:5      | Reached skill level 10 in Axes
  4290 | D:5      | Found a sparkling altar of Nemelex Xobeh.
  4290 | D:5      | Found an opulent altar of Gozag.
  4823 | D:6      | Found a staircase to the Ecumenical Temple.
  4832 | Temple   | Entered the Ecumenical Temple
  4858 | Temple   | Became a worshipper of Makhleb the Destroyer
  4878 | D:6      | Reached skill level 11 in Axes
  4940 | D:6      | Noticed a two-headed ogre
  4949 | D:6      | Killed a two-headed ogre
  4950 | D:6      | Reached skill level 12 in Axes
  4950 | D:6      | Gained mutation: You passively map the area around you.
                  | [Deep Dwarf growth]
  4950 | D:6      | Reached XP level 9. HP: 45/74 MP: 7/7
  5003 | D:6      | Noticed Eustachio
  5055 | D:6      | Killed Eustachio
  5414 | D:6      | Reached skill level 13 in Axes
  5686 | D:6      | Reached skill level 14 in Axes
  6614 | D:6      | Reached XP level 10. HP: 45/78 MP: 8/8
  7087 | D:7      | Reached * piety under Makhleb
  7229 | D:7      | Reached skill level 15 in Axes
  7696 | D:8      | Found Yptus's General Store.
  7724 | D:8      | Bought 11 poisoned darts for 48 gold pieces
  7776 | D:8      | Found a flagged portal.
  7793 | D:8      | Found Futusec's Weapon Emporium.
  7841 | D:8      | Noticed Joseph
  7897 | D:8      | Killed Joseph
  7916 | D:8      | Reached skill level 5 in Fighting
  8234 | D:8      | Found Uneik's General Store.
  8250 | D:8      | Reached ** piety under Makhleb
  8251 | D:8      | Reached skill level 5 in Armour
  8306 | D:8      | Bought a scroll of teleportation for 36 gold pieces
  8306 | D:8      | Bought a potion of lignification for 36 gold pieces
  8314 | D:8      | Found Esaow's Weapon Shop.
  8317 | D:8      | Found Utry's Antique Armour Boutique.
  8437 | D:9      | Noticed Erica
  8466 | D:9      | Killed Erica
  8467 | D:9      | Reached XP level 11. HP: 55/96 MP: 7/7
  8528 | D:9      | Found Fiefaliu's Distillery.
  8536 | D:9      | Bought a potion of curing for 36 gold pieces
  8536 | D:9      | Bought a potion of heal wounds for 60 gold pieces
  8536 | D:9      | Bought a potion of haste for 120 gold pieces
  8536 | D:9      | Bought a potion of curing for 36 gold pieces
  8741 | D:9      | Found a staircase to the Orcish Mines.
  8803 | D:9      | Reached *** piety under Makhleb
  8994 | D:10     | Entered Level 10 of the Dungeon
  9101 | D:10     | Noticed a two-headed ogre
  9113 | D:10     | Killed a two-headed ogre
  9529 | D:10     | Noticed Fannar
  9580 | D:10     | Killed Fannar
  9759 | D:10     | Noticed Sonja
  9762 | D:10     | Noticed Sonja
  9762 | D:10     | Sonja changed into Sonja the tengu
  9767 | D:10     | Killed Sonja the tengu
  9981 | D:11     | Found Poase's Antique Armour Shop.
 10047 | D:11     | Found a flickering gateway to a bazaar.
 10053 | Bazaar   | Entered a bazaar
 10053 | Bazaar   | Found Keuk's Antique Armour Shop.
 10060 | Bazaar   | Bought a faintly humming cloak for 275 gold pieces
 10060 | Bazaar   | Identified the +5 cloak of Refuge {rPois Will+ Str+7 Int-2}
                  | (You bought it in a shop in a bazaar)
 10160 | D:11     | Noticed a boulder beetle
 10200 | D:10     | Killed a boulder beetle
 10201 | D:10     | Reached skill level 16 in Axes
 10504 | D:11     | Found Nienueh's Jewellery Shop.
 10536 | D:11     | Noticed a white ugly thing
 10571 | D:11     | Killed a white ugly thing
 10901 | D:11     | Found a staircase to the Lair.
 10957 | D:11     | Reached skill level 17 in Axes
 11069 | D:11     | Noticed Nergalle
 11103 | D:11     | Killed Nergalle
 11108 | D:11     | Reached XP level 12. HP: 54/112 MP: 2/2
 11150 | D:11     | Reached skill level 1 in Invocations
 11227 | D:11     | Found Wigarec's Weapon Boutique.
 11404 | Lair:1   | Entered Level 1 of the Lair of Beasts
 11536 | Lair:1   | Reached **** piety under Makhleb
 11568 | Lair:1   | Reached skill level 5 in Invocations
 11627 | Lair:1   | Noticed Grum
 11651 | Lair:1   | Killed Grum
 11786 | Lair:1   | Identified the ring "Attub" {rElec rN+ rCorr}
 11837 | Lair:1   | Noticed Gastronok
 11867 | Lair:1   | Killed Gastronok
 12007 | Lair:1   | Identified the amulet "Quac Ype" {Acrobat Harm Str+4 Dex+2}
 12483 | Lair:2   | Noticed a four-headed hydra
 12489 | Lair:2   | Killed a four-headed hydra
 12490 | Lair:2   | Reached skill level 18 in Axes
 12839 | Lair:2   | Reached skill level 1 in Evocations
 12842 | Lair:2   | Noticed a catoblepas
 13478 | Lair:2   | Found a hole to the Spider Nest.
 13524 | Lair:2   | Reached skill level 5 in Evocations
 13550 | Lair:2   | Reached XP level 13. HP: 52/118 MP: 8/8
 13550 | Lair:2   | Found the ring of the Octopus King
 13554 | Lair:2   | Identified a ring of the Octopus King {Fly AC+1 EV+1 Str+1
                  | Int+1 Dex+1}
 14630 | Lair:3   | Found a staircase to the Snake Pit.
 14682 | Lair:3   | Reached skill level 19 in Axes
 14853 | Lair:3   | You fall into a shaft and drop 3 floors!
 14853 | Lair:6   | Entered Level 6 of the Lair of Beasts
 15074 | Lair:5   | Found a shimmering altar of Xom.
 15632 | Lair:5   | Found a viscous altar of Jiyva.
 15633 | Lair:5   | Found a staircase to the Slime Pits.
 16070 | Lair:4   | Reached skill level 10 in Fighting
 16110 | Lair:4   | Noticed Rupert
 16500 | Lair:4   | Killed Rupert
 17438 | Lair:3   | Gained mutation: You resist negative energy. (rN+) [Deep
                  | Dwarf growth]
 17438 | Lair:3   | Reached XP level 14. HP: 90/133 MP: 9/9
 17597 | Lair:3   | Reached skill level 10 in Evocations
 18001 | Lair:6   | Reached ***** piety under Makhleb
 18541 | Lair:6   | Found the +8 trident of the Octopus King {venom, rElec
                  | rPois}
 19354 | D:8      | Bought a glowing plate armour for 598 gold pieces
 19633 | D:12     | Found a transporter.
 19644 | D:12     | Found a one-way gate to the infinite horrors of the Abyss.
 19644 | D:12     | Noticed Pim Xuuc's ghost (journeyman DEWz)
 19698 | D:12     | Found a transporter.
 19906 | D:12     | Reached skill level 15 in Evocations
 20654 | Orc:1    | Entered Level 1 of the Orcish Mines
 20991 | Orc:1    | Noticed an orc warlord
 21018 | Orc:1    | Killed an orc warlord
 21252 | Orc:2    | Entered Level 2 of the Orcish Mines
 21261 | Orc:2    | Reached XP level 15. HP: 85/142 MP: 9/9
 21426 | Orc:2    | Found Cahob's Jewellery Emporium.
 21427 | Orc:2    | Reached ****** piety under Makhleb
 21434 | Orc:2    | Found Ufaxta's Antique Armour Boutique.
 21602 | Orc:2    | Found Fivoimpe's Antique Armour Emporium.
 21602 | Orc:2    | Found Bom Zit's Magic Scroll Boutique.
 21774 | Orc:2    | Found a staircase to the Elven Halls.
 21785 | Orc:2    | Found a large runed translucent door.
 21785 | Orc:2    | Found a large runed translucent door.
 21889 | Orc:2    | Noticed jejorda2's ghost (journeyman PaBe)
 22414 | Orc:2    | Bought an amulet of faith for 560 gold pieces
 22446 | Orc:2    | Bought a scroll of summoning for 161 gold pieces
 22452 | Orc:2    | Bought a scroll of teleportation for 51 gold pieces
 22928 | D:13     | Found Xuhoj's Distillery.
 22938 | D:13     | Bought a potion of heal wounds for 90 gold pieces
 23410 | D:14     | Found a gate to the Vaults.
 24706 | D:15     | Entered Level 15 of the Dungeon
 24722 | D:15     | Found the +15 Maxwell's patent armour {-Cast -Tele rElec
                  | Will+ rCorr}
 25065 | D:15     | Reached skill level 15 in Fighting
 25095 | D:15     | Found a staircase to the Depths.
 25324 | D:15     | Reached XP level 16. HP: 128/163 MP: 10/10
 25743 | D:13     | Bought 3 potions of heal wounds for 270 gold pieces
 25743 | D:13     | Bought a potion of curing for 54 gold pieces
 25963 | Spider:1 | Entered Level 1 of the Spider Nest
 29785 | Spider:2 | Noticed Arachne
 29817 | Spider:2 | Killed Arachne
 31459 | Spider:2 | HP: 6/171 [broodmother (22)]
 32110 | Snake:1  | Entered Level 1 of the Snake Pit
 32695 | Snake:1  | Noticed Aizul
 32709 | Snake:1  | Killed Aizul
 32721 | Snake:1  | HP: 2/174 [naga warrior (20)]
 32725 | Snake:1  | Reached XP level 17. HP: 51/181 MP: 7/7
 33665 | Snake:1  | Found Veaki's Assorted Antiques.
 33671 | Snake:1  | Bought a potion of heal wounds for 170 gold pieces
 33723 | Snake:1  | You fall into a shaft and drop 1 floor!
 33754 | Snake:2  | Reached skill level 10 in Invocations
 34518 | Snake:2  | Identified the amulet of Nusaskun {Spirit rF+ Str+3 Stlth+}
 34566 | Snake:2  | Got Feiwn's Volume of Snow and Flames
 37213 | Snake:3  | Found Hilom's Jewellery Boutique.
 37214 | Snake:3  | Found Uditraet's Book Emporium.
 37215 | Snake:3  | Found Fuot Xucae's Jewellery Boutique.
 37414 | Snake:3  | Reached skill level 15 in Invocations
 37663 | Snake:3  | HP: 7/181 [salamander mystic/lance of force (19)]
 38824 | Snake:4  | Entered Level 4 of the Snake Pit
 39746 | Snake:4  | Noticed Kirke
 39797 | Snake:4  | Killed Kirke
 40936 | Snake:4  | Gained mutation: You passively map a large area around you.
                  | [Deep Dwarf growth]
 40936 | Snake:4  | Reached XP level 18. HP: 90/189 MP: 7/7
 40988 | Snake:4  | Mangled by a nagaraja

Illustrated notes

Levels and vault maps discovered:
D:1:      dpeg_arrival_round_a, layout_rooms, serial_shops, nicolae_shop_trees
D:2:      layout_loops_corners, basic_altar, minivault_5
D:3:      layout_basic, nicolae_overflow_hallway_of_the_gods,
          shapermc_ecumenical_altar_mp_highgroup, minmay_splitting_lines,
          minmay_misc_feat_plants
D:4:      layout_basic, zin_treasury, nicolae_ossuary_entry_giza, minivault_5,
          amcnicky_mini_pool_small, kennysheep_boxes, uniq_ijyb,
          uniq_blork_the_orc, uniq_pikel
D:5:      layout_gridville, grunt_temple_overflow_opulence,
          gup_sewer_entry_bowl, minmay_misc_feat_room, minivault_4,
          chequers_serial_rivers_room_b, minmay_misc_feat_rugged
D:6:      layout_layer_cave, minmay_temple_entry_grid, minmay_pentangle,
          uniq_eustachio
D:7:      layout_gridville
D:8:      layout_basic, serial_ice, serial_ice_g, serial_ice_e, serial_ice_m,
          serial_ice_f, serial_shops, kennysheep_mini_moat,
          nicolae_shop_bloodbath_and_beyond, shop, kennysheep_little_box, shop,
          enter_bailey_2, uniq_joseph
D:9:      layout_rooms, david_orc_1_choice, serial_shops, shop, uniq_erica
D:10:     layout_long_grid, uniq_sonja, uniq_fannar
D:11:     lemuel_ice_statue, layout_long_grid, erik_lair_dragon, special_room
          [special_room_orc], serial_shops, bzr_entry_safe, nicolae_shop_trees,
          shop, shop, minmay_misc_feat_cross, uniq_nergalle
D:12:     layout_stronghold, gammafunk_ghost_abyssal_escape
D:13:     layout_cave_pools, minmay_misc_feat_iff, chequers_serial_rivers_marsh,
          nicolae_stop_n_shop_1
D:14:     kennysheep_green_arena, layout_basic, david_vaults_1
D:15:     gammafunk_enter_depths_forms, layout_basic
Temple:   jpeg_temple_clearing
Lair:1:   layout_regular_city, grunt_megastairs_4, uniq_grum, uniq_gastronok
Lair:2:   nzn_winding_woodlands_cross [nzn_winding_woodlands_5x15_crooked,
          nzn_winding_woodlands_5x15_eye,
          nzn_winding_woodlands_5x15_river_crossing,
          nzn_winding_woodlands_5x15_split_checker,
          nzn_winding_woodlands_15x15_eel_pit], layout_hall_layers,
          spider_nest_entry_a
Lair:3:   layout_chaotic_city, dummy_snake_entry, roderic_carrion_pond,
          grunt_megastairs_2
Lair:4:   layout_regular_city, nicolae_lair_liquid_snakes, uniq_rupert
Lair:5:   layout_layer_cave, dpeg_slime_entry_enclosed_altar, basic_altar
Lair:6:   gammafunk_lair_ancient_temple, layout_gridlike,
          chequers_serial_rivers_room_b, grunt_forest_small_clearing_treed,
          serial_bayou_shore_a
Snake:1:  layout_rooms, serial_bayou_shore_b, minmay_shop_star, uniq_aizul
Snake:2:  layout_concentric_octagons
Snake:3:  cheibrodos_snake_ritualist_ritual, layout_misc_corridors,
          st_stairs_11, lemuel_fruit_tree, grunt_megastairs_3, minmay_shop_grove
Snake:4:  grunt_snake_rune_serpentine_throne, layout_onion_interference,
          nicolae_snake_round_shape_thing, uniq_kirke
Spider:1: layout_spider_delve, drop_trap, nicolae_spider_undead_wolf_pack
Spider:2: layout_spider_delve, uniq_arachne
Spider:3: layout_spider_delve, portal_ice_cave_entry_dragon,
          nicolae_spider_cling_halls
Orc:1:    layout_caves, elf_legates
Orc:2:    st_orc_town, layout_diamond_mine, basic_altar,
          ebering_ghost_disaster_area

Skill      XL: |  1  2  3  4  5  6  7  8  9 10 11 12 13 14 15 16 17 |
---------------+----------------------------------------------------+-----
Axes           | 3 4 6 8 12 14 15 17 18 19 | 19.5
Throwing       | 1 3 4 |  4.7
Fighting       | 5 8 10 11 15 18 | 18.6
Armour         | 5 7 |  7.0
Shields        | 4 |  4.0
Invocations    | 8 17 | 17.8
Evocations     | 5 9 16 | 16.2

Action                   |  1- 3 |  4- 6 |  7- 9 | 10-12 | 13-15 | 16-18 || total
-------------------------+-------+-------+-------+-------+-------+-------++-------
Melee: War axe           |   114 |    41 |    12 |     6 |       |       ||   173
       Whip              |       |     8 |   394 |       |       |       ||   402
       Hand axe          |       |       |   117 |   518 |       |       ||   635
       Battleaxe         |       |       |       |   424 |  1027 |   943 ||  2394
       Dire flail        |       |       |       |       |    30 |       ||    30
       Morningstar       |       |       |       |       |     3 |       ||     3
Throw: Boomerang         |       |       |    55 |     7 |    19 |       ||    81
       Dart              |       |       |       |    26 |    21 |       ||    47
Invok: Lesser Servant of |       |       |       |     4 |    21 |     1 ||    26
       Greater Servant o |       |       |       |       |       |     3 ||     3
       Major Destruction |       |       |       |       |       |     1 ||     1
 Abil: Heal Wounds       |       |     2 |     8 |    28 |     8 |    41 ||    87
Evoke: Wand              |       |       |       |    10 |    40 |    50 ||   100
       Box of beasts     |       |       |       |       |     6 |     7 ||    13
       Condenser vane    |       |       |       |       |     6 |     8 ||    14
  Use: Potion            |       |     1 |     1 |     2 |     3 |    16 ||    23
       Scroll            |       |       |    16 |    11 |     9 |     8 ||    44
 Stab: Petrifying        |       |       |       |     1 |       |       ||     1
       Paralysed         |       |       |       |       |     5 |    12 ||    17
       Distracted        |       |       |       |       |     5 |     2 ||     7
       Petrified         |       |       |       |       |     3 |       ||     3
       Invisible         |       |       |       |       |     1 |     7 ||     8
Armor: Scale mail        |    54 |    25 |   104 |       |       |       ||   183
       Plate armour      |       |       |   159 |   345 |   892 |  1105 ||  2501
Dodge: Dodged            |    48 |    15 |   129 |   266 |   384 |   443 ||  1285
Block: Buckler           |    23 |    25 |   233 |   162 |       |       ||   443
       Reflection        |       |       |     3 |    10 |     4 |       ||    17
       Other             |       |       |       |    77 |   191 |       ||   268

Table legend: (Time is in decaauts)
 A = Elapsed time spent in this place.
 B = Non-inter-level travel time spent in this place.
 C = Inter-level travel time spent in this place.
 D = Time resting spent in this place.
 E = Time spent auto-exploring this place.
 F = Levels seen in this place.
 G = Mean time per level.
                   A        B        C        D        E       F      G
               +--------+--------+--------+--------+--------+-----+--------+
         Total |  40262 |  37355 |   2907 |  12321 |  16397 |  33 | 1220.1 |
       Dungeon |  15739 |  14137 |   1602 |   1690 |   8676 |  15 | 1049.3 |
        Temple |     42 |     26 |     16 |      0 |      7 |   1 |   42.0 |
          Lair |  10219 |   9598 |    621 |   3619 |   3823 |   6 | 1703.2 |
     Snake Pit |   8153 |   7728 |    425 |   4914 |   1497 |   4 | 2038.2 |
   Spider Nest |   3867 |   3762 |    105 |   1993 |   1157 |   3 | 1289.0 |
  Orcish Mines |   1787 |   1651 |    136 |      4 |   1141 |   2 |  893.5 |
        Bazaar |     37 |     37 |      0 |      0 |      6 |   1 |   37.0 |
       Ossuary |    415 |    415 |      0 |    100 |     88 |   1 |  415.0 |
               +--------+--------+--------+--------+--------+-----+--------+

Top non-repeatable levels by time:
  Lair:2: 4379 daAuts
 Snake:3: 2870 daAuts
Spider:2: 2700 daAuts
 Snake:2: 2370 daAuts
     D:6: 1837 daAuts
    D:11: 1650 daAuts
 Snake:1: 1528 daAuts
    D:14: 1468 daAuts
 Snake:4: 1383 daAuts
  Lair:6: 1267 daAuts
  Lair:4: 1254 daAuts
    D:10: 1227 daAuts
     D:5: 1225 daAuts
  Lair:5: 1216 daAuts
   Orc:2: 1203 daAuts
